 Dungeon Crawl Stone Soup version 0.27-a0-1147-gb3d8e82157 (webtiles) character file.

Game seed: 12930418376989350394

12 kae the Skirmisher (level 2, -1/24 HPs)
             Began as a Demonspawn Fighter on May 11, 2021.
             Killed from afar by a dart slug (3 damage)
             ... with a slug dart
             ... on level 1 of the Dungeon.
             The game lasted 00:00:11 (160 turns).

kae the Skirmisher (Demonspawn Fighter)              Turns: 160, Time: 00:00:12

Health: -1/24      AC:  6    Str: 16    XL:     2   Next: 20%
Magic:  2/2        EV:  6    Int:  9    God:
Gold:   8          SH: 12    Dex: 12    Spells: 1/1 levels left

rFire    . . .     SeeInvis .   a - +0 long sword
rCold    . . .     Faith    .   c - +0 kite shield
rNeg     . . .     Spirit   .   b - +0 scale mail
rPois    .         Reflect  .   (no helmet)
rElec    .         Harm     .   (no cloak)
rCorr    .         Rampage  .   (no gloves)
Will     .....                  (no boots)
Stlth    ..........             (no amulet)
HPRegen  0.08/turn              (no ring)
MPRegen  0.08/turn              (no ring)

@: no status effects
A: large bone plates 1
a: no special abilities


You were on level 1 of the Dungeon.
You visited 1 branch of the dungeon, and saw 1 of its levels.

You collected 8 gold pieces.

Inventory:

Hand Weapons
 a - a +0 long sword (weapon)
Armour
 b - a +0 scale mail (worn)
 c - a +0 kite shield (worn)
Scrolls
 e - a scroll of silence {unknown}
Potions
 d - a potion of might
 f - a potion of curing {unknown}


   Skills:
 + Level 3.2 Fighting
 * Level 2.4 Long Blades
 - Level 2.6 Armour
 - Level 2.6 Shields


You had one spell level left.
You didn't know any spells.
Your spell library was empty.

Dungeon Overview and Level Annotations

Branches:
Dungeon (1/15)

Altars:


Innate Abilities, Weirdness & Mutations

You are partially covered in large bone plates. (SH +4)


Message History

You block the jackal's attack. The jackal bites you.
* * * LOW HITPOINT WARNING * * *
You hit the jackal.
You kill the jackal!
The jackal bites you.
* * * LOW HITPOINT WARNING * * *
You hit the jackal.
The jackal is heavily wounded.
The jackal bites you but does no damage. x2
You hit the jackal but do no damage.
The jackal is heavily wounded.
You block the jackal's attack. x2
The jackal bites you but does no damage.
You hit the jackal but do no damage.
The jackal is heavily wounded.
The jackal bites you but does no damage.
You block the jackal's attack.
You hit the jackal.
The jackal is almost dead.
The jackal bites you but does no damage.
You block the jackal's attack.
You closely miss the jackal.
The jackal is almost dead.
The jackal barely misses you.
You riposte.
You slash the jackal!
You kill the jackal!
You block the endoplasm's attack.
You hit the endoplasm.
You kill the endoplasm!
The dart slug launches a dart at you.
The slug dart hits you but does no damage.
The dart slug launches a dart at you. You block the slug dart.
You see here a jackal corpse.
The dart slug bites you.
* * * LOW HITPOINT WARNING * * *
You slash the dart slug!
The dart slug is severely wounded.
The dart slug launches a dart at you. The slug dart hits you.
You die...

.....................#.....
.†.......†.................
.........##......†.......#
##''####.##.....###......#
#..# #.##..............#
##''####..#..............#
......###.#..............##
.≈≈§§.# ..########.......#
.≈≈≈§.# ##.###
#@†..##'##..## ......#
#....##w#####.# ..# ##''###
#.............# ...... #<.#
#.........######...... ####
......................
..#.###..)......##.... . #.
#..............
.......#.........#
........#......#..#


You could see a dart slug.

Vanquished Creatures
  A ball python (D:1)
  An endoplasm (D:1)
  4 jackals (D:1)
  2 kobolds (D:1)
  2 bats (D:1)
  A rat (D:1)
11 creatures vanquished.

Notes
Turn   | Place    | Note
-------+----------+-------------------------------------------
     0 | D:1      | kae the Demonspawn Fighter began the quest for the Orb.
     0 | D:1      | Reached XP level 1. HP: 18/18 MP: 1/1
   149 | D:1      | Gained mutation: You are partially covered in large bone
                  | plates. (SH +4) [demonic ancestry]
   149 | D:1      | Reached XP level 2. HP: 7/24 MP: 2/2
   160 | D:1      | Killed from afar by a dart slug

Illustrated notes

Levels and vault maps discovered:
D:1:      lightli_arrival_lavapool, layout_basic, serial_shops,
          nicolae_shop_statue_plus, shop, shop_fountains, hangedman_glass_teeth,
          hex_tiny, minmay_split_cup_large

Skill      XL: |  1 |
---------------+----+-----
Long Blades    | 2 |  2.4
Fighting       | |  3.2
Armour         | |  2.6
Shields        | |  2.6

Action                   || total
-------------------------++-------
Melee: Long sword        ||    30
Armor: Scale mail        ||    24
Dodge: Dodged            ||    12
Block: Kite shield       ||    24
       Rpst.: Long sword ||     4

Table legend: (Time is in decaauts)
 A = Elapsed time spent in this place.
 B = Non-inter-level travel time spent in this place.
 C = Inter-level travel time spent in this place.
 D = Time resting spent in this place.
 E = Time spent auto-exploring this place.
 F = Levels seen in this place.
 G = Mean time per level.
                   A        B        C        D        E       F      G
               +--------+--------+--------+--------+--------+-----+--------+
         Total |    175 |    175 |      0 |      0 |     90 |   1 |  175.0 |
       Dungeon |    175 |    175 |      0 |      0 |     90 |   1 |  175.0 |
               +--------+--------+--------+--------+--------+-----+--------+

Top non-repeatable levels by time:
     D:1: 175 daAuts
